 Dungeon Crawl Stone Soup version 0.31-a0-810-ga77100ea1a (webtiles) character file.

Game seed: 8393639114917645275

53 lunkers the Charlatan (level 4, 0/36 HPs)
             Began as a Meteoran Wanderer on Sept 21, 2023.
             Splashed by a jelly's acid (2 damage)
             ... on level 4 of the Dungeon.
             The game lasted 00:02:06 (654 turns).

lunkers the Charlatan (Meteoran Wanderer)            Turns: 654, Time: 00:02:07

Health: 0/36       AC: -1    Str: 18    XL:     4   Next: 32%
Magic:  7/7        EV: 10    Int: 14    God:
Gold:   70         SH:  0    Dex: 10    Spells: 4/5 levels left

rFire   . . .        a - +0 club
rCold   . . .        (no shield)
rNeg    . . .        b - +0 ring mail
rPois   .            (no helmet)
rElec   .            j - +0 cloak
rCorr   .            (no gloves)
SInv    .            (no boots)
Will    .....        (no amulet)
Stlth   +            (no ring)
HPRegen 0.26/turn    (no ring)
MPRegen 0.10/turn

%: no passive effects
@: corroded, glowing
A: sense surroundings 1, otherworldly, glowing, explore regen
a: no special abilities


You were on level 4 of the Dungeon.
You visited 1 branch of the dungeon, and saw 4 of its levels.

You collected 70 gold pieces.

Inventory:

Hand Weapons
 a - a +0 club (weapon)
Armour
 b - a +0 ring mail (worn)
 j - a +0 cloak (worn)
Wands
 d - a wand of charming (8)
Scrolls
 c - a scroll of vulnerability
 e - 3 scrolls of identify {unknown}
 f - a scroll of immolation {unknown}
 h - a scroll of blinking {unknown}
 i - 2 scrolls of torment {unknown}
 l - a scroll of fog {unknown}
 m - a scroll of brand weapon {unknown}
 n - a scroll of fear {unknown}
 o - a scroll of poison {unknown}
 p - a scroll of teleportation {unknown}
Potions
 g - a potion of attraction {unknown}
 k - 2 potions of enlightenment {unknown}


   Skills:
 - Level 2.1 Fighting
 + Level 4.5 Maces & Flails
 - Level 1.1 Armour
 - Level 1.0 Stealth
 - Level 1.3 Spellcasting
 - Level 1.2 Hexes
 - Level 4.8 Evocations


You had 4 spell levels left.
You knew the following spells:

 Your Spells              Type           Power      Damage    Failure   Level
p - Slow                  Hex            16%        N/A       28%         1

Your spell library contained the following spells:

 Spells                   Type           Power      Damage    Failure   Level
 Necrotise                Necr           0%         1d4       41%         1
 Dazzling Flash           Conj/Hex       4%         N/A       71%         3
 Vampiric Draining        Necr           0%         2d6       80%         3
 Agony                    Necr           0%         N/A       100%        5


Dungeon Overview and Level Annotations

Branches:
Dungeon (4/15) Zot: 1726
 Temple: D:4-7

Altars:


Innate Abilities, Weirdness & Mutations

You passively map a small area around you.
You are easily found by Zot.
You glow in the dark.
You regain HP and MP as you explore.


Message History

You open the door.
Found a stone staircase leading down.
There is an open door here.
No target in view!
You now have 70 gold pieces (gained 9).
You see here the +4 hand axe of Bloody Death {drain, rElec rC++ Str+2}.
No target in view!
No target in view!
There is a stone staircase leading down here.
You climb downwards.
You hear the hiss of flowing sand.
There is an entrance to an ossuary on this level.
Hurry and find it before the portal is buried!
The jelly quivers.
Found a club and 14 gold pieces.
There is a stone staircase leading up here.
You hit the jelly.
Your hands burn!
The jelly is moderately wounded.
The jelly closely misses you.
You completely miss the jelly.
The jelly is moderately wounded.
The jelly hits you.
You are splashed with acid!
You hit the jelly.
Your hands burn!
The jelly is heavily wounded.
The jelly hits you but does no damage.
You hit the jelly but do no damage.
Your hands burn!
* * * LOW HITPOINT WARNING * * *
The jelly is heavily wounded.
The jelly hits you.
* * * LOW HITPOINT WARNING * * *
The acid corrodes you!
You are splashed with acid!
* * * LOW HITPOINT WARNING * * *
You hit the jelly but do no damage. The acid corrodes you!
Your hands burn!
* * * LOW HITPOINT WARNING * * *
The jelly is heavily wounded.
The jelly hits you.
* * * LOW HITPOINT WARNING * * *
You are splashed with acid!
* * * LOW HITPOINT WARNING * * *
You hit the jelly.
Your hands burn!
You die...

* *, ##.#..
* * , .....
* **#$#.#
#.#.# #...#
##...##
#.....######
#..@J).....
,
#..########
#.. , #.. ,
#.. * **#..*
,, ... *#.#
*


You could see a jelly.

Vanquished Creatures
  2 adders (D:2)
  2 dart slugs
  3 ball pythons
  7 endoplasms
  2 giant cockroaches (D:1)
  2 goblins (D:2)
  3 hobgoblins (D:1)
  A quokka (D:2)
  2 bats (D:1)
  2 frilled lizards (D:2)
  A kobold (D:2)
  4 rats
31 creatures vanquished.

Notes
Turn   | Place    | Note
-------+----------+-------------------------------------------
     0 | D:1      | lunkers the Meteoran Wanderer began the quest for the Orb.
     0 | D:1      | lunkers set off with the following items: a +0 club, a +0
                  | ring mail, a scroll of vulnerability, a wand of charming
                  | (8); and the following spell memorised: Slow; and the
                  | following spells available to memorise: Dazzling Flash.
     0 | D:1      | Reached XP level 1. HP: 17/17 MP: 3/3
    18 | D:1      | Reached skill level 1 in Maces & Flails
    60 | D:1      | Reached XP level 2. HP: 16/24 MP: 5/5
   332 | D:2      | Reached XP level 3. HP: 28/29 MP: 6/6
   486 | D:2      | Reached XP level 4. HP: 35/36 MP: 7/7
   501 | D:2      | You fall into a shaft and drop 1 floor!
   597 | D:3      | Found a faded altar of an unknown god.
   639 | D:3      | Identified the +4 hand axe of Bloody Death {drain, rElec
                  | rC++ Str+2}
   654 | D:4      | Splashed by a jelly's acid

Illustrated notes

Levels and vault maps discovered:
D:1:      dpeg_arrival_prison, layout_basic
D:2:      layout_basic
D:3:      layout_basic, minitemple, ebering_ecumenical_altar_mist,
          goddamned_bats
D:4:      layout_loops_ring, evilmike_ruin_ashenzari, minmay_temple_entry_mist,
          ebering_ghost_reflecting_pool, serial_shops, shop, enter_ossuary_2,
          eino_curves_02, st_stairs_6

Skill      XL: |  1  2  3 |
---------------+----------+-----
Maces & Flails | 1 3 4 |  4.5
Fighting       | |  2.1
Armour         | |  1.1
Stealth        | |  1.0
Spellcasting   | |  1.3
Hexes          | |  1.2
Evocations     | |  4.8

Action                     |  1- 3 |  4- 6 || total
---------------------------+-------+-------++-------
  Melee: Club              |   100 |    24 ||   124
         Punch             |     2 |       ||     2
   Cast: Slow              |     3 |       ||     3
 Armour: Ring mail         |    75 |    19 ||    94
  Dodge: Dodged            |    64 |     6 ||    70

Table legend: (Time is in decaauts)
 A = Elapsed time spent in this place.
 B = Non-inter-level travel time spent in this place.
 C = Inter-level travel time spent in this place.
 D = Time resting spent in this place.
 E = Time spent auto-exploring this place.
 F = Levels seen in this place.
 G = Mean time per level.
                   A        B        C        D        E       F      G
               +--------+--------+--------+--------+--------+-----+--------+
         Total |    673 |    673 |      0 |      0 |    351 |   4 |  168.2 |
       Dungeon |    673 |    673 |      0 |      0 |    351 |   4 |  168.2 |
               +--------+--------+--------+--------+--------+-----+--------+

Top non-repeatable levels by time:
     D:1: 264 daAuts
     D:2: 254 daAuts
     D:3: 148 daAuts
     D:4: 6 daAuts
